 Dungeon Crawl Stone Soup version 0.25.0-15-gac7dcb8919 (webtiles) character file.

Game seed: 1328038571932802418

114981 sanka the Spry (level 17, -7/113 HPs)
             Began as a Kobold Necromancer on June 27, 2020.
             Was the Champion of Kikubaaqudgha.
             Mangled by a shock serpent (14 damage)
             ... on level 1 of the Snake Pit on June 28, 2020.
             The game lasted 02:03:48 (46581 turns).

sanka the Spry (Kobold Necromancer)                Turns: 46581, Time: 02:03:48

Health: -7/113     AC:  9    Str: 11    XL:     17   Next: 22%
Magic:  27/29      EV: 30    Int: 20    God:    Kikubaaqudgha [******]
Gold:   990        SH:  0    Dex: 19    Spells: 7/32 levels left

rFire    . . .     SeeInvis .   a - +8 lajatang (speed)
rCold    + . .     Gourm    .   (shield currently unavailable)
rNeg     . . .     Faith    .   U - +1 robe of Esumnem {rC+ rCorr Slay+6}
rPois    .         Spirit   .   l - +0 helmet
rElec    .         Reflect  .   s - +0 cloak
rCorr    +         Harm     .   Y - +1 pair of gloves
MR       +....                  B - +1 pair of boots
Stlth    +++.......             W - amulet of the acrobat
HPRegen  0.28/turn              Q - +6 ring of strength
MPRegen  0.21/turn              D - ring of resist corrosion

@: no status effects
A: small, carnivore
a: Receive Corpses, Torment, Brand Weapon With Pain, Receive Necronomicon,
Renounce Religion


You were on level 1 of the Snake Pit.
You worshipped Kikubaaqudgha.
Kikubaaqudgha was exalted by your worship.
You were very full.

You visited 5 branches of the dungeon, and saw 25 of its levels.
You also visited: Ossuary.

You collected 3714 gold pieces.
You spent 2724 gold pieces at shops.


Innate Abilities, Weirdness & Mutations

You are small and have problems with some larger weapons.
You are carnivorous and can eat meat at any time.


   Skills:
 - Level 15.0 Fighting
   Level 8.0 Short Blades
 * Level 10.7 Staves
 - Level 16.0 Dodging
 - Level 3.0 Stealth
 - Level 8.0 Spellcasting
 - Level 15.0 Necromancy
 - Level 6.0 Earth Magic
 + Level 2.1 Evocations


You had 7 spell levels left.
You knew the following spells:

 Your Spells              Type           Power        Failure   Level  Hunger
c - Agony                 Necr           ######..     1%          5    #####..
n - Sublimation of Blood  Necr           ######....   1%          2    None
q - Dispel Undead         Necr           ######..     1%          4    ###....
x - Pain                  Necr           ####         1%          1    None
y - Borgnjor's Vile Clut  Necr/Erth      ######....   3%          5    #####..
z - Vampiric Draining     Necr           ######....   1%          3    None
X - Animate Dead          Necr           N/A          1%          4    ###....
Z - Animate Skeleton      Necr           N/A          1%          1    None

Your spell library contained the following spells:

 Spells                   Type           Power        Failure   Level  Hunger
 Death Channel            Necr           ######....   2%          6    ######.
 Foxfire                  Conj/Fire      #...         9%          1    None
 Summon Small Mammal      Summ           #...         9%          1    None
 Call Imp                 Summ           #.......     13%         2    None
 Petrify                  Tmut/Erth      ###.....     24%         4    ###....
 Call Canine Familiar     Summ           #.......     26%         3    None
 Confusing Touch          Hex            #.......     26%         3    None
 Conjure Flame            Conj/Fire      #.......     26%         3    None
 Gell's Gravitas          Tloc           #.........   26%         3    None
 Inner Flame              Hex/Fire       #.......     26%         3    None
 Summon Guardian Golem    Hex/Summ       #.......     26%         3    None
 Simulacrum               Ice/Necr       #####.....   52%         6    ######.
 Ice Form                 Ice/Tmut       #.......     63%         4    ###....
 Sticky Flame             Conj/Fire      #.......     63%         4    ###....
 Summon Ice Beast         Ice/Summ       #.......     63%         4    ###....
 Summon Lightning Spire   Summ/Air       #.......     63%         4    ###....
 Fireball                 Conj/Fire      #.........   93%         5    #####..
 Metabolic Englaciation   Hex/Ice        #.........   93%         5    #####..
 Yara's Violent Unravell  Hex/Tmut       #.........   93%         5    #####..
 Freezing Cloud           Conj/Ice/Air   #.........   100%        6    ######.
 Ozocubu's Refrigeration  Ice            #.........   100%        6    ######.

Inventory:

Hand Weapons
 a - a +8 lajatang of speed (weapon)
 X - the +7 trident of an ossuary {vorpal, rF++ Str+2 Dex+3}

   It inflicts extra damage upon your enemies.
   It affects your strength (+2).
   It affects your dexterity (+3).
   It greatly protects you from fire.
Missiles
 g - 744 stones (quivered)
 K - 2 throwing nets {=f}
 O - 11 curare-tipped darts {=f}
Armour
 h - a +0 robe of resistance
 l - a +0 helmet (worn)
 s - a +0 cloak (worn)
 B - a +1 pair of boots (worn)
 U - the +1 robe of Esumnem (worn) {rC+ rCorr Slay+6}

   It affects your accuracy and damage with ranged weapons and melee attacks
   (+6).
   It protects you from cold.
   It provides partial protection from all sources of acid and corrosion.
 Y - a +1 pair of gloves (worn)
Magical Staves
 b - an uncursed staff of death
Jewellery
 j - an uncursed ring of ice
 y - an uncursed amulet of reflection
 A - an uncursed ring of protection from magic
 D - a ring of resist corrosion (right hand)
 F - an uncursed ring of see invisible
 Q - a +6 ring of strength (left hand)
 W - an amulet of the acrobat (around neck)
Wands
 r - a wand of paralysis (20)
 v - a wand of acid (20)
 C - a wand of enslavement (11)
 R - a wand of digging (9)
 S - a wand of iceblast (8)
Scrolls
 i - a scroll of torment {!r}
 m - 13 scrolls of teleportation {@r4}
 n - a scroll of blinking
 o - 6 scrolls of magic mapping
 q - 4 scrolls of remove curse
 t - 6 scrolls of immolation {!r}
 w - 8 scrolls of fog
 x - 5 scrolls of enchant armour
 z - a scroll of acquirement
 E - 5 scrolls of vulnerability {!r}
 H - 4 scrolls of fear
Potions
 d - 5 potions of haste {@q3}
 e - 6 potions of curing {@q1}
 k - 4 potions of brilliance
 p - 2 potions of invisibility
 u - 4 potions of mutation {!q}
 I - 4 potions of magic
 J - 6 potions of lignification {!q}
 L - 2 potions of stabbing
 T - a potion of berserk rage {!q}
 V - 2 potions of flight
 Z - a potion of resistance
Miscellaneous
 M - a box of beasts
Comestibles
 c - 42 rations

Dungeon Overview and Level Annotations

Branches:
Dungeon (15/15)            Temple (1/1) D:7            Lair (6/6) D:9
 Shoals (0/4) Lair:4        Snake (1/4) Lair:4        Slime (0/5) Lair:6
    Orc (2/2) D:11            Elf (0/3) Orc:2        Vaults (0/5) D:14
 Depths (0/5) D:15        Ossuary (visited)

Altars:
Ashenzari
Cheibriados
Dithmenos
Elyvilon
Fedhas
Gozag
Hepliaklqana
Kikubaaqudgha
Makhleb
Nemelex Xobeh
Okawaru
Qazlal
Ru
Trog
Vehumet
Wu Jian
Xom
Yredelemnul
The Shining One
Beogh

Shops:
D:4 (   D:6 }   D:12 *   D:13 [   Orc:2 %!(:[

Annotations:
Lair:6 1 runed translucent door

...▒▒▒..▒ ▒.....▒▒▒▒
▒▒▒ ▒.......▒ ..▒
▒..(....▒ ▒.▒
▒........
▒.▒▒▒....▒▒.. ..
▒.▒.)....▒ . ...
▒▒.▒.▒▒▒▒▒▒ ....
▒.SK.▒ ....▒▒..▒▒▒
.....▒..▒ ▒.....▒ .
▒..▒....▒▒ .▒▒
▒▒.▒.▒...▒ ...▒▒
▒.......▒▒
▒...▒▒▒▒▒▒▒▒.....)▒
▒......▒...▒......▒▒
▒▒▒▒▒


You could see a shock serpent.


Message History

The shock serpent bites you.
* * * LOW HITPOINT WARNING * * *
The shock serpent shocks you!
* * * LOW HITPOINT WARNING * * *
Aiming: Pain (safe; 1% risk of failure)
Aim: a shock serpent (chance to defeat MR: 71%)
The shock serpent struggles to resist.
The shock serpent completely misses you.
The shock serpent completely misses you.
Aiming: Pain (safe; 1% risk of failure)
Aim: a shock serpent (chance to defeat MR: 71%)
The shock serpent writhes in agony!
The shock serpent's electric aura discharges, shocking you!
* * * LOW HITPOINT WARNING * * *
The shock serpent closely misses you.
The shock serpent completely misses you.
The shock serpent bites you!
* * * LOW HITPOINT WARNING * * *
The shock serpent shocks you!
* * * LOW HITPOINT WARNING * * *
The shock serpent bites you but does no damage.
Evoke which item? (* to show all) (? for menu, Esc to quit)
Aiming: Paralyse
Aim: a shock serpent (lightly wounded, chance to defeat MR: 34%)
The shock serpent easily resists.
The shock serpent bites you!!
* * * LOW HITPOINT WARNING * * *
The shock serpent shocks you!
You die...
Kikubaaqudgha rasps: "You have failed me!
Welcome... death!"

Action                   |  1- 3 |  4- 6 |  7- 9 | 10-12 | 13-15 | 16-18 || total
-------------------------+-------+-------+-------+-------+-------+-------++-------
Melee: Dagger            |    29 |    58 |   244 |   879 |  1319 |       ||  2529
       Unarmed           |     5 |       |       |       |       |       ||     5
       Scimitar          |       |    67 |   385 |       |       |       ||   452
       Trident           |       |       |       |       |    24 |       ||    24
       Lajatang          |       |       |       |       |    59 |   460 ||   519
       Staff             |       |       |       |       |       |     1 ||     1
 Fire: Hunting sling     |    14 |    21 |    47 |       |       |       ||    82
Throw: Stone             |       |       |     5 |     3 |    19 |    15 ||    42
 Cast: Pain              |    50 |    32 |    22 |     2 |       |     3 ||   109
       Animate Skeleton  |     9 |    11 |    21 |     9 |       |       ||    50
       Vampiric Draining |     1 |    11 |    28 |    60 |   149 |     5 ||   254
       Animate Dead      |       |       |     2 |    20 |    20 |     4 ||    46
       Agony             |       |       |       |     4 |    82 |    25 ||   111
       Dispel Undead     |       |       |       |       |    15 |    37 ||    52
       Borgnjor's Vile C |       |       |       |       |     6 |     5 ||    11
Invok: Receive Corpses   |       |       |       |       |       |     4 ||     4
Evoke: Wand              |       |       |     3 |     3 |    10 |     4 ||    20
  Use: Scroll            |       |     4 |     6 |     7 |    15 |     5 ||    37
       Potion            |       |       |     1 |       |     3 |     2 ||     6
 Stab: Sleeping          |       |     4 |     9 |    10 |     6 |     6 ||    35
       Distracted        |       |       |     4 |     3 |     6 |       ||    13
       Paralysed         |       |       |       |     1 |       |       ||     1
  Eat: Chunk             |    10 |    14 |    24 |    35 |    84 |    36 ||   203
Armor: Robe              |     7 |    24 |    14 |    11 |   122 |    26 ||   204
       Leather armour    |       |       |    77 |    25 |       |       ||   102
       Steam dragon scal |       |       |       |    34 |     6 |       ||    40
Dodge: Dodged            |    49 |    97 |   353 |   584 |  1415 |   479 ||  2977
Block: Other             |       |       |    91 |   136 |    45 |       ||   272
       Reflection        |       |       |     5 |    11 |       |       ||    16
       Rpst.: Scimitar   |       |    17 |    47 |       |       |       ||    64

Levels and vault maps discovered:
D:1:      dpeg_arrival_renting, layout_basic
D:2:      layout_basic, first_ration, grunt_ministairs_14, serial_bayou_ford_a
D:3:      minmay_spotlight, layout_rooms, uniq_grinder
D:4:      layout_basic, bloody_trog, serial_shops, shop,
          hangedman_decor_growths, uniq_natasha
D:5:      layout_basic, minmay_misc_feat_secret_circle, uniq_eustachio
D:6:      layout_loops_ring, tso_oasis_becter, marbit_many_paths,
          amethyst_overflow_temple_binary, serial_shops, shop,
          serial_co_window_serial, co_window_paths_a, co_window_paths_b,
          co_window_paths_a, co_window_paths_b, co_window_paths_a,
          co_window_corner_b, co_window_unsneaky_path_b, co_window_corner_b,
          glass_columns_a, glass_columns_a, kb_lookout_dungeons_type,
          uniq_menkaure
D:7:      layout_rooms, minmay_temple_entry_nine_rooms, enter_ossuary_1,
          serial_glass, glass_columns_c, glass_columns_c, glass_columns_b,
          glass_columns_a, grunt_ogre_cave
D:8:      layout_cave_pods, nicolae_overflow_hidden_temple, uniq_erica
D:9:      layout_basic, gammafunk_temple_overflow_pools, lair_entry_dummy
D:10:     layout_irregular_city, gammafunk_ghost_spectres, uniq_fannar
D:11:     layout_basic, erik_orc_4, lemuel_flame_loot_1, uniq_sonja,
          uniq_erolcha
D:12:     layout_irregular_city, serial_shops, nicolae_shop_overgrown_old_shop
D:13:     layout_grid_maze, serial_shops, nicolae_shop_stone,
          hangedman_decor_diamond_cutter, grunt_ministairs_15,
          nicolae_ru_the_path_less_chosen
D:14:     layout_loops_cross, david_vaults_5, serial_undead, serial_undead_a,
          serial_undead_b, serial_undead_e, serial_undead_d, serial_undead_f,
          serial_undead_c, serial_undead_c, serial_undead_c
D:15:     grunt_enter_depths_magical_seal, layout_loops_ring, serial_park_paths
          [serial_park_minivault_5x5_2]
Temple:   eino_temple_lava
Lair:1:   layout_layer_cave, chequers_serial_rivers_micro_b,
          infiniplex_staircase_pool, serial_bayou_shore_b
Lair:2:   cheibrodos_lair_overgrown_chateau, layout_long_grid,
          fungi_pond_lemuel, uniq_harold
Lair:3:   layout_long_grid, beast_lair_carwin_9, infiniplex_staircase_pool_2
Lair:4:   mu_elephants_graveyard, layout_gridlike, elwin_shoals_entry_rooms,
          ebering_ghost_rock_garden, serial_bayou_shore_b, uniq_josephine
Lair:5:   layout_regular_city, beast_lair_carwin_10, lemuel_fruit_tree,
          serial_bayou_shore_b
Lair:6:   wormcave, layout_regular_city, hangedman_lair_in_review, slime_dummy,
          minmay_lair_oklob_chamber, grunt_megastairs_5
Snake:1:  layout_misc_corridors, serial_bayou_pond_e
Orc:1:    layout_caves
Orc:2:    kennysheep_orc_mage_school, layout_caves, serial_shops, shop

Notes
Turn   | Place    | Note
-------+----------+-------------------------------------------
     0 | D:1      | sanka the Kobold Necromancer began the quest for the Orb.
     0 | D:1      | Reached XP level 1. HP: 10/10 MP: 3/3
    15 | D:1      | Learned a level 1 spell: Animate Skeleton
   227 | D:1      | HP: 1/10 [kobold (4)]
   233 | D:1      | Reached XP level 2. HP: 3/15 MP: 0/5
  1270 | D:1      | Reached XP level 3. HP: 12/19 MP: 1/7
  1654 | D:1      | Learned a level 3 spell: Vampiric Draining
  1682 | D:2      | Reached skill level 3 in Spellcasting
  1936 | D:2      | Noticed an ogre
  2083 | D:2      | Reached XP level 4. HP: 19/24 MP: 3/8
  2320 | D:2      | Reached skill level 5 in Necromancy
  3041 | D:3      | Reached XP level 5. HP: 23/28 MP: 5/9
  3627 | D:3      | Reached skill level 6 in Necromancy
  4277 | D:3      | Noticed Grinder
  4685 | D:4      | Reached XP level 6. HP: 12/32 MP: 2/10
  4930 | D:4      | Noticed Natasha
  4946 | D:4      | Killed Natasha
  5029 | D:4      | Reached skill level 7 in Necromancy
  5045 | D:4      | Found a bloodstained altar of Trog.
  5149 | D:4      | Found Alica's Antique Weapon Boutique.
  5385 | D:4      | Noticed Natasha
  5398 | D:4      | Killed Natasha
  5479 | D:4      | Reached XP level 7. HP: 36/36 MP: 11/11
  5599 | D:4      | Noticed Natasha
  5644 | D:4      | Killed Natasha
  6006 | D:4      | Reached skill level 1 in Fighting
  6063 | D:4      | Reached skill level 3 in Dodging
  6069 | D:4      | Learned a level 4 spell: Animate Dead
  6350 | D:5      | Entered Level 5 of the Dungeon
  6618 | D:5      | Reached skill level 2 in Fighting
  6712 | D:5      | Reached skill level 4 in Dodging
  6864 | D:5      | Reached skill level 3 in Fighting
  6864 | D:5      | Reached XP level 8. HP: 10/46 MP: 2/12
  7349 | D:5      | Reached skill level 5 in Dodging
  7515 | D:5      | Noticed Eustachio
  7536 | D:5      | Killed Eustachio
  7536 | D:5      | Reached skill level 4 in Fighting
  7536 | D:5      | Reached skill level 8 in Necromancy
  7996 | D:6      | Found a glowing golden altar of the Shining One.
  8234 | D:6      | Reached skill level 6 in Dodging
  8573 | D:6      | Reached skill level 5 in Fighting
  8931 | D:6      | Noticed Menkaure
  8948 | D:6      | Killed Menkaure
  8948 | D:6      | Reached skill level 7 in Dodging
  8948 | D:6      | Reached XP level 9. HP: 22/55 MP: 6/13
  9157 | D:6      | Reached skill level 6 in Fighting
  9520 | D:6      | Found Waodontyo's Gadget Shoppe.
  9541 | D:6      | Found a blossoming altar of Fedhas.
  9553 | D:6      | Found an iron altar of Okawaru.
  9598 | D:6      | Found a shimmering altar of Xom.
  9819 | D:7      | Learned a level 5 spell: Agony
  9883 | D:7      | Reached skill level 1 in Short Blades
  9905 | D:7      | Found a staircase to the Ecumenical Temple.
  9912 | Temple   | Entered the Ecumenical Temple
  9919 | Temple   | Became a worshipper of Kikubaaqudgha
 10080 | D:7      | Reached skill level 8 in Dodging
 10121 | D:7      | Found a sand-covered staircase.
 10130 | Ossuary  | Entered an ossuary
 10360 | Ossuary  | Reached skill level 7 in Fighting
 10360 | Ossuary  | Reached skill level 2 in Short Blades
 10945 | Ossuary  | Reached skill level 3 in Short Blades
 11128 | D:7      | Got a scorched kite shield
 11134 | D:7      | Identified the +4 kite shield "Wuevvec" {*Corrode rN+
                  | Dex+3} (You found it on level 7 of the Dungeon)
 11156 | D:7      | Reached skill level 9 in Dodging
 11228 | D:7      | Reached * piety under Kikubaaqudgha
 11228 | D:7      | Identified Kikubaaqudgha's Incunabulum of Stolen Souls
                  | (Kikubaaqudgha gifted it to you on level 7 of the Dungeon)
 11228 | D:7      | Received a gift from Kikubaaqudgha
 11446 | D:8      | Noticed Erica
 11456 | D:8      | Noticed a hippogriff
 11473 | D:7      | Killed a hippogriff
 11473 | D:7      | Reached skill level 8 in Fighting
 11473 | D:7      | Reached XP level 10. HP: 57/64 MP: 10/14
 11663 | D:8      | Reached skill level 4 in Short Blades
 11838 | D:8      | Killed Erica
 11838 | D:8      | Reached skill level 10 in Dodging
 11994 | D:8      | Reached skill level 9 in Fighting
 11994 | D:8      | Reached skill level 4 in Spellcasting
 12035 | D:8      | Reached skill level 5 in Short Blades
 12105 | D:8      | Noticed a two-headed ogre
 12117 | D:8      | Killed a two-headed ogre
 12319 | D:8      | Found a shadowy altar of Dithmenos.
 12379 | D:8      | Noticed a two-headed ogre
 12390 | D:8      | Killed a two-headed ogre
 12625 | D:8      | Reached ** piety under Kikubaaqudgha
 12691 | D:8      | Reached XP level 11. HP: 55/71 MP: 17/17
 13361 | D:9      | Reached skill level 11 in Dodging
 13380 | D:9      | Identified a +0 robe of resistance
 13399 | D:9      | Found a sacrificial altar of Ru.
 13414 | D:9      | Found an opulent altar of Gozag.
 13420 | D:9      | Reached skill level 6 in Short Blades
 13420 | D:9      | Reached skill level 3 in Stealth
 13771 | D:9      | Found a staircase to the Lair.
 13900 | D:9      | Reached skill level 10 in Fighting
 14126 | D:9      | Learned a level 2 spell: Sublimation of Blood
 14266 | D:10     | Entered Level 10 of the Dungeon
 14269 | D:10     | Found a runed translucent gate.
 14297 | D:10     | Found a runed translucent gate.
 14297 | D:10     | Found a runed translucent gate.
 14300 | D:10     | Noticed NebNelluc's ghost (novice DrFE)
 14457 | D:10     | Reached *** piety under Kikubaaqudgha
 14457 | D:10     | Identified Kikubaaqudgha's Guide on Stolen Souls
                  | (Kikubaaqudgha gifted it to you on level 10 of the Dungeon)
 14457 | D:10     | Received a gift from Kikubaaqudgha
 14981 | D:10     | Noticed Fannar
 15001 | D:10     | Killed Fannar
 15001 | D:10     | Reached skill level 7 in Short Blades
 15733 | D:11     | Reached skill level 12 in Dodging
 15745 | D:11     | Identified +0 steam dragon scales
 15745 | D:11     | Reached skill level 9 in Necromancy
 15994 | D:11     | Found a staircase to the Orcish Mines.
 16198 | D:11     | Noticed Sonja
 16204 | D:11     | Noticed an unseen horror
 16213 | D:11     | Killed Sonja
 16213 | D:11     | Reached skill level 11 in Fighting
 16225 | D:11     | Killed an unseen horror
 16225 | D:11     | Reached XP level 12. HP: 58/80 MP: 1/19
 16247 | D:11     | Reached skill level 5 in Spellcasting
 16261 | D:11     | Reached skill level 8 in Short Blades
 16377 | D:11     | Learned a level 4 spell: Dispel Undead
 16638 | D:11     | Reached **** piety under Kikubaaqudgha
 16781 | D:11     | Noticed Erolcha
 16787 | D:11     | Killed Erolcha
 16787 | D:11     | Reached skill level 6 in Spellcasting
 17490 | Lair:1   | Entered Level 1 of the Lair of Beasts
 17555 | Lair:1   | Reached skill level 10 in Necromancy
 18779 | Lair:2   | Reached skill level 7 in Spellcasting
 19014 | Lair:2   | Noticed a four-headed hydra
 19026 | Lair:2   | Killed a four-headed hydra
 19026 | Lair:2   | Reached skill level 11 in Necromancy
 19267 | Lair:2   | Identified a scroll of acquirement
 19274 | Lair:2   | Learned a level 5 spell: Borgnjor's Vile Clutch
 19488 | Lair:2   | Reached skill level 1 in Earth Magic
 19523 | Lair:2   | Reached skill level 8 in Spellcasting
 19578 | Lair:2   | Noticed Harold
 19596 | Lair:2   | Killed Harold
 19596 | Lair:2   | Reached skill level 2 in Earth Magic
 20028 | Lair:2   | Reached XP level 13. HP: 63/84 MP: 15/25
 20039 | Lair:2   | Reached skill level 3 in Earth Magic
 20628 | Lair:3   | Reached skill level 4 in Earth Magic
 20973 | Lair:3   | Got an opalescent robe
 20984 | Lair:3   | Identified the +1 robe of Esumnem {rC+ rCorr Slay+6} (You
                  | found it on level 3 of the Lair of Beasts)
 21080 | Lair:3   | Reached skill level 12 in Necromancy
 21089 | Lair:3   | Reached skill level 5 in Earth Magic
 21220 | Lair:3   | Reached ***** piety under Kikubaaqudgha
 22468 | Lair:4   | Reached skill level 13 in Necromancy
 22531 | Lair:4   | Noticed a dire elephant
 22534 | Lair:4   | Noticed Josephine
 22565 | Lair:4   | Killed a dire elephant
 23076 | Lair:3   | Killed Josephine
 23393 | Lair:4   | Identified the +7 trident of an ossuary {vorpal, rF++ Str+2
                  | Dex+3}
 23761 | Lair:4   | Reached skill level 14 in Necromancy
 24070 | Lair:4   | Found a staircase to the Snake Pit.
 24205 | Lair:4   | Reached XP level 14. HP: 64/90 MP: 26/26
 24526 | Lair:4   | Got a steaming chain mail
 24537 | Lair:4   | Identified the +8 chain mail of Jahumpicwi {rN++} (You
                  | found it on level 4 of the Lair of Beasts)
 24674 | Lair:4   | Found a staircase to the Shoals.
 25358 | Lair:4   | Found a runed translucent gate.
 25358 | Lair:4   | Found a runed translucent gate.
 25358 | Lair:4   | Noticed Lutiheq's ghost (journeyman DrTm)
 25359 | Lair:4   | Found a runed translucent gate.
 25368 | Lair:4   | Killed Lutiheq's ghost
 25951 | Lair:4   | Reached skill level 13 in Dodging
 26104 | Lair:4   | Reached skill level 12 in Fighting
 26104 | Lair:4   | Reached skill level 6 in Earth Magic
 28191 | Lair:6   | Entered Level 6 of the Lair of Beasts
 28283 | Lair:5   | HP: 9/92 [poisoned by a black mamba]
 28289 | Lair:5   | HP: 7/92 [poisoned by a black mamba]
 28295 | Lair:5   | HP: 5/92 [poisoned by a black mamba]
 28303 | Lair:5   | HP: 5/92 [poisoned by a black mamba]
 28311 | Lair:5   | HP: 5/92 [poisoned by a black mamba]
 29341 | Lair:6   | Reached skill level 14 in Dodging
 29409 | Lair:6   | Got a fading chain mail
 29491 | Lair:6   | Reached skill level 13 in Fighting
 29491 | Lair:6   | Reached XP level 15. HP: 63/98 MP: 15/27
 29711 | Lair:6   | Found a staircase to the Slime Pits.
 29727 | Lair:6   | Identified the cursed +1 chain mail "Wyblicirch" {Harm MR+
                  | Str-2} (You found it on level 6 of the Lair of Beasts)
 29976 | Lair:6   | Found a runed translucent door.
 30199 | Lair:6   | Paralysed by a hornet for 2 turns
 30795 | Lair:6   | Paralysed by a hornet for 3 turns
 31176 | Lair:6   | Paralysed by a hornet for 1 turns
 31343 | Lair:6   | Reached ****** piety under Kikubaaqudgha
 31796 | Lair:6   | Upgraded the game from 0.25.0-11-g1f837a76a1 to
                  | 0.25.0-15-gac7dcb8919
 32601 | Lair:6   | HP: 3/100 [seven-headed hydra (11)]
 32605 | Lair:6   | Reached skill level 15 in Dodging
 33779 | Lair:6   | Reached skill level 14 in Fighting
 33796 | Lair:6   | Reached skill level 15 in Necromancy
 34897 | Orc:1    | Entered Level 1 of the Orcish Mines
 35296 | Orc:2    | Entered Level 2 of the Orcish Mines
 35296 | Orc:2    | Found Moptaut's Food Boutique.
 35500 | Orc:2    | Found a staircase to the Elven Halls.
 36235 | Orc:2    | Found a radiant altar of Vehumet.
 36383 | Orc:2    | Found Waczoaf's Antique Weapon Shoppe.
 36395 | Orc:2    | Noticed Nergalle
 36404 | Orc:2    | Killed Nergalle
 36543 | Orc:2    | Found an ancient bone altar of Kikubaaqudgha.
 36556 | Orc:2    | Found Ysihyph's Distillery.
 36604 | Orc:2    | Found a roughly hewn altar of Beogh.
 36604 | Orc:2    | Found Ukext's Book Shoppe.
 36663 | Orc:2    | Paralysed by an orc sorcerer for 7 turns
 36869 | Orc:2    | Found Oqoklesara's Antique Armour Emporium.
 37103 | Orc:1    | Noticed a stone giant
 37141 | Orc:1    | Killed a stone giant
 37615 | Orc:2    | Bought a pair of glowing gloves for 195 gold pieces
 37626 | Orc:2    | Bought a glowing robe for 96 gold pieces
 37626 | Orc:2    | Bought a faintly glowing robe for 148 gold pieces
 37649 | Orc:2    | Identified the +2 robe "Xogafoj" {rN+} (You bought it in a
                  | shop on level 2 of the Orcish Mines)
 37682 | Orc:2    | Bought a glowing lajatang for 432 gold pieces
 37958 | D:3      | Killed Grinder
 38596 | D:10     | Killed NebNelluc's ghost
 38598 | D:10     | Reached skill level 1 in Staves
 38763 | D:11     | Identified a potion of resistance
 38975 | D:12     | Reached XP level 16. HP: 83/107 MP: 28/28
 39099 | D:12     | Found Qeyduy's Assorted Antiques.
 39149 | D:12     | Reached skill level 2 in Staves
 39364 | D:14     | Reached skill level 16 in Dodging
 39599 | D:14     | Reached skill level 3 in Staves
 39940 | D:14     | Reached skill level 4 in Staves
 39968 | D:14     | Reached skill level 15 in Fighting
 40212 | D:14     | Reached skill level 5 in Staves
 40452 | D:14     | Found a gate to the Vaults.
 40695 | D:14     | Reached skill level 6 in Staves
 41710 | D:13     | Reached skill level 7 in Staves
 41715 | D:13     | Identified +0 acid dragon scales
 42175 | D:13     | Found a sacrificial altar of Ru.
 42227 | D:13     | Found Raimoefe's Armour Shop.
 42510 | D:12     | Reached skill level 8 in Staves
 43473 | D:12     | Bought 2 scrolls of acquirement for 1768 gold pieces
 43474 | D:12     | Bought a potion of heal wounds for 85 gold pieces
 43563 | D:15     | Entered Level 15 of the Dungeon
 43726 | D:15     | Got a fine plate armour
 43737 | D:15     | Identified the +6 plate armour of Somewhere Else {rF- Int+2
                  | Dex+9} (You found it on level 15 of the Dungeon)
 44311 | D:14     | Reached skill level 9 in Staves
 45301 | D:15     | Reached XP level 17. HP: 113/113 MP: 29/29
 45323 | D:15     | Reached skill level 10 in Staves
 45345 | D:15     | Found a staircase to the Depths.
 45835 | Snake:1  | Entered Level 1 of the Snake Pit
 46122 | Snake:1  | Reached skill level 1 in Evocations
 46511 | Snake:1  | Reached skill level 2 in Evocations
 46579 | Snake:1  | HP: 8/113 [shock serpent (13)]
 46581 | Snake:1  | Mangled by a shock serpent

Vanquished Creatures
  A stone giant (Orc:1)
  The ghost of Lutiheq the Grappler, a journeyman DrTm of Wu Jian (Lair:4)
  A dire elephant (Lair:4)
  Fannar (D:10)
  Josephine (Lair:3)
  10 hydras
  Erolcha (D:11)
  A vault guard (D:14)
  Harold (Lair:2)
  A centaur warrior (D:13)
  Erica (D:8)
  2 catoblepae (Lair:6)
  2 ogre magi
  2 anacondas (Snake:1)
  A death knight (D:15)
  8 two-headed ogres
  The ghost of NebNelluc the Magician, a novice DrFE of Kikubaaqudgha (D:10)
  A shock serpent (Snake:1)
  Sonja (D:11)
  Nergalle (Orc:2)
  9 skeletal warriors (D:14)
  4 unseen horrors
  2 wizards (D:15)
  4 lindwurms
  A naga ritualist (Snake:1)
  An orc knight (D:15)
  A phantasmal warrior (D:15)
  A wolf spider zombie (D:14)
  2 deep elf magi (D:15)
  An oklob plant (Lair:5)
  9 orc sorcerers
  5 manticores
  2 cyclopes (D:15)
  5 ugly things
  2 merfolk sirens (Lair:4)
  13 black mambas
  25 elephants
  13 spiny frogs
  2 centaur skeletons
  A spiny frog (shapeshifter) (D:13)
  4 gargoyles
  4 rime drakes
  2 kobold demonologists (D:14)
  6 torpor snails (Lair:6)
  3 freezing wraiths (D:15)
  6 komodo dragons
  A redback zombie (D:15)
  A guardian mummy (D:14)
  2 trolls
  3 polar bears
  3 tyrant leeches (Lair:6)
  Grinder (D:3)
  14 blink frogs
  5 dream sheep
  10 slime creatures
  10 hornets
  12 hippogriffs
  A meliai zombie (D:12)
  A spriggan (Lair:4)
  A shadow (D:10)
  A wyvern (D:14)
  A vampire (D:9)
  7 basilisks
  2 hungry ghosts
  Eustachio (D:5)
  11 wraiths
  67 yaks
  A steam dragon (D:11)
  4 vampire mosquitoes (D:15)
  Menkaure (D:6)
  A warg (D:11)
  3 nagas (Snake:1)
  An acid dragon (D:13)
  16 water moccasins
  6 porcupines
  A hornet zombie (D:14)
  16 orc warriors
  3 ice beasts
  2 sky beasts
  A black bear (Lair:2)
  6 ogres
  5 wolves
  7 centaurs
  14 crocodiles
  A big kobold (D:14)
  4 elf zombies (Ossuary)
  10 bullfrogs
  A wyvern zombie (D:14)
  6 scorpions
  12 killer bees
  10 wights
  10 howler monkeys
  3 electric eels
  8 crimson imps
  2 bullfrog zombies
  9 centaur zombies
  3 hounds
  4 jellies
  36 orc wizards
  14 orc priests
  5 human zombies (Ossuary)
  3 bullfrog skeletons
  Natasha (thrice) (D:4)
  2 iguanas
  8 worker ants
  6 mummies
  11 adders
  7 gnolls
  A howler monkey skeleton (D:11)
  7 shadow imps
  2 oozes
  2 adder skeletons
  2 worms (D:3)
  3 dart slugs (D:2)
  6 leopard geckos
  105 orcs
  4 ball pythons
  2 giant cockroaches
  4 goblins
  4 hobgoblins
  12 quokkas
  4 bats
  6 frilled lizards
  A jackal skeleton (D:5)
  23 kobolds
  A leopard gecko skeleton (D:4)
  6 rats
  A bush (D:6)
784 creatures vanquished.

Vanquished Creatures (collateral kills)
  A hydra (Lair:2)
  A two-headed ogre (D:8)
  4 oklob plants (Lair:6)
  2 elephants
  2 hippogriffs
  5 yaks
  A hungry ghost (D:9)
  2 water moccasins
  A porcupine (Lair:3)
  A sky beast (D:8)
  A necrophage (D:5)
  A phantom (D:7)
  A wolf (Lair:3)
  6 crocodiles
  A big kobold (D:8)
  A bullfrog (Lair:5)
  A killer bee (D:8)
  2 howler monkeys
  A quasit (D:8)
  An orc priest (D:11)
  An orc wizard (D:11)
  An iguana (D:8)
  A worker ant (D:5)
  A worker ant zombie (D:11)
  A gnoll (D:6)
  A howler monkey skeleton (D:7)
  A shadow imp (D:9)
  3 leopard geckos
  3 orcs
  A giant cockroach (D:5)
  2 hobgoblins
  A kobold (D:1)
  A quokka (D:10)
  7 fungi
  13 plants
74 creatures vanquished.

Vanquished Creatures (others)
  An ice beast (D:11)
  An orc (Orc:2)
  2 bushes (Lair:6)
  63 fungi
  44 plants
111 creatures vanquished.

Grand Total: 969 creatures vanquished
